 Dungeon Crawl Stone Soup version 0.30-a0-1016-gfb0d676c02 (webtiles) character file.

Game seed: 12539204940816032324

2123 hwolsky the Reanimator (level 9, -7/57 HPs)
             Began as a Vampire Necromancer on Apr 6, 2023.
             Was an Elder of Vehumet.
             Mangled by a gnoll bouda
             ... wielding a +0 club
              (9 damage)
             ... on level 7 of the Dungeon.
             The game lasted 01:19:08 (7806 turns).

hwolsky the Reanimator (Vampire Necromancer)        Turns: 7806, Time: 01:19:08

Health: -7/57      AC:  4    Str:  7    XL:     9   Next: 8%
Magic:  13/18      EV: 16    Int: 21    God:    Vehumet [****..]
Gold:   319        SH:  0    Dex: 21    Spells: 6/21 levels left

rFire   . . .      SeeInvis +    e - +6 halberd
rCold   + . .      Faith    +    (shield currently unavailable)
rNeg    . . .      Spirit   .    a - +0 robe
rPois   .          Reflect  .    (helmet restricted)
rElec   .          Rampage  .    d - +0 cloak {rCorr}
rCorr   +                        g - +0 pair of gloves
Will    .....                    (no boots)
Stlth   +++                      c - amulet of faith
HPRegen 0.49/turn                p - +6 ring of dexterity
MPRegen 0.16/turn                q - ring of wizardry

@: weakened, healing quickly
A: alive, fangs 3, see invisible, vampiric 2, horns 1, cold resistance 1
a: Exsanguinate, Renounce Religion


You were on level 7 of the Dungeon.
You worshipped Vehumet.
Vehumet was greatly pleased with you.
You visited 2 branches of the dungeon, and saw 8 of its levels.
You also visited: Sewer.

You collected 319 gold pieces.

Inventory:

Hand Weapons
 b - the +10 zealot's sword {holy, Zealotry, *Rage rN+ EV+3}
   (You found it on level 5 of the Dungeon)

   Zealotry:  Whenever the wielder enters a berserk rage, their allies are
   berserked alongside them.
   EV:        It affects your evasion (+3).
   rN:        It protects you from negative energy.
   *Rage:     It berserks you when you make melee attacks (+20% chance).
 e - a +6 halberd (weapon)
 t - a +3 dagger
 z - a +6 dagger
Missiles
 l - 2 silver boomerangs (quivered)
 s - a throwing net
Armour
 a - a +0 robe (worn)
 d - a +0 cloak of preservation (worn)
 g - a +0 pair of gloves (worn)
Magical Staves
 j - a staff of conjuration
Jewellery
 c - an amulet of faith (around neck)
 h - a +4 ring of protection
 i - a ring of protection from fire
 p - a +6 ring of dexterity (left hand)
 q - a ring of wizardry (right hand)
 r - a ring of protection from cold
 y - a +6 ring of intelligence
Wands
 f - a wand of roots (5)
 o - a wand of charming (5)
Scrolls
 k - a scroll of identify
 x - a scroll of amnesia
 A - 2 scrolls of fog
Potions
 m - 4 potions of curing
 n - 5 potions of attraction
 u - a potion of flight
 v - a potion of haste
 w - 2 potions of brilliance {unknown}
 B - 2 potions of magic


   Skills:
 * Level 3.3 Polearms
 + Level 6.0 Dodging
 - Level 5.2 Stealth
 * Level 6.5 Spellcasting
 * Level 8.7 Necromancy


You had 6 spell levels left.
You knew the following spells:

 Your Spells              Type           Power      Damage    Failure   Level
a - Necrotise             Necr           100%       1d9       1%          1
b - Static Discharge      Conj/Air       12%        2-3/arc   1%          2
c - Vampiric Draining     Necr           43%        2d9       1%          3
d - Scorch                Fire           12%        2d5       1%          2
e - Stone Arrow           Conj/Erth      12%        3d7       3%          3
f - Fulminant Prism       Conj/Hex       3%         3d5       11%         4

Your spell library contained the following spells:

 Spells                   Type           Power      Damage    Failure   Level
 Irradiate                Conj/Tmut      3%         3d12      26%         5
 Animate Dead             Necr           43%        N/A       1%          4
 Agony                    Necr           43%        N/A       2%          5
 Borgnjor's Vile Clutch   Necr/Erth      12%        N/A       16%         5
 Alistair's Intoxication  Tmut/Pois      4%         N/A       67%         5
 Eringya's Noxious Bog    Tmut/Pois      3%         N/A       73%         6


Dungeon Overview and Level Annotations

Branches:
Dungeon (7/15)             Temple (1/1) D:6           Sewer (visited)

Altars:
Ashenzari
Fedhas
Gozag
Nemelex Xobeh
Qazlal
Ru
Sif Muna
Trog
Vehumet
Wu Jian
Xom
Yredelemnul

Shops:
D:4 !*


Innate Abilities, Weirdness & Mutations

Your natural rate of healing is accelerated.
You have razor-sharp teeth.
You have supernaturally acute eyesight. (SInv)
You are afflicted with vampirism and can become a bat while bloodless.
You have a pair of small horns on your head.
Your flesh is cold resistant. (rC+)


Message History

Your attacks no longer feel as feeble.
You hit the gnoll bouda but do no damage.
You headbutt the gnoll bouda. Your bite misses the gnoll bouda.
The gnoll bouda is moderately wounded.
The gnoll bouda completely misses you. The gnoll misses you.
You hit the gnoll.
The gnoll is moderately wounded.
The gnoll bouda gazes fiercely through you!
You feel your attacks grow feeble.
The gnoll bouda hits you with a +0 club.
The gnoll hits you with a +4 flail of protection!
The gnoll closely misses you.
You slash the gnoll!
The gnoll is almost dead.
The gnoll bouda hits you with a +0 club.
The gnoll hits you from afar with a +2 antimagic spear.
You feel your power leaking away.
The gnoll hits you with a +4 flail of protection!
Okay, then.
Okay, then.
You feel better. The gnoll bouda misses you. The gnoll completely misses you.
The gnoll hits you from afar with a +2 antimagic spear.
You feel your power leaking away.
The gnoll hits you with a +4 flail of protection!
* * * LOW HITPOINT WARNING * * *
Casting: Scorch (safe; 1% risk of failure)
Confirm with . or Enter, or press ? or * to list all spells.
The gnoll is struck by an arc of lightning.
You kill the gnoll!
Vehumet accepts your kill.
You feel your power returning.
You are struck by an arc of lightning.
* * * LOW HITPOINT WARNING * * *
The lightning grounds out.
The gnoll is struck by an arc of lightning.
The gnoll is moderately wounded.
You are struck by an arc of lightning.
* * * LOW HITPOINT WARNING * * *
The lightning grounds out.
The gnoll bouda hits you with a +0 club!
You die...

#...... ### $.......
... .$..... #.. ...#.#
#.# #...###.###
.#.........
####.##...##.# #
####....# #....)#.###
#.....#####..#.@g...#
#.........|..##g#g#$...
...##..######.##.#.# ..
## #..# #.##.. ! #..#
#.####.##
#..######.####.#
#...[....(...# #
#.#######.##.# ..###.#.
..# #.#
#........###...... ...


You could see a gnoll bouda and 2 gnolls.

Vanquished Creatures
  Pikel (D:6)
  Sigmund (D:4)
  Eustachio (D:6)
  An ogre (D:6)
  3 lemures (D:6)
  A kobold brigand (D:6)
  A bullfrog (Sewer)
  2 scorpions (D:4)
  2 orc priests
  A jelly (D:6)
  Crazy Yiuf (D:3)
  A hound (D:4)
  3 gnoll boudas
  5 iguanas
  3 orc wizards (D:6)
  22 gnolls
  3 river rats (D:5)
  16 adders
  A white imp (D:5)
  An ufetubus (D:6)
  2 dart slugs (D:3)
  A worm (D:5)
  14 orcs
  16 ball pythons
  8 endoplasms
  5 giant cockroaches
  7 goblins
  4 hobgoblins
  5 jackals
  12 kobolds
  5 quokkas
  8 bats
  3 frilled lizards
  27 rats
187 creatures vanquished.

Vanquished Creatures (collateral kills)
  A bullfrog (Sewer)
  An endoplasm (D:1)
  A quokka (D:2)
  2 ball pythons
  2 rats (Sewer)
7 creatures vanquished.

Vanquished Creatures (others)
  7 fulminant prisms
7 creatures vanquished.

Grand Total: 201 creatures vanquished

Notes
Turn   | Place    | Note
-------+----------+-------------------------------------------
     0 | D:1      | hwolsky the Vampire Necromancer began the quest for the
                  | Orb.
     0 | D:1      | Reached XP level 1. HP: 13/13 MP: 3/3
   180 | D:1      | Reached XP level 2. HP: 19/19 MP: 3/5
   722 | D:1      | Gained mutation: You are afflicted with vampirism and can
                  | become a bat while bloodless. [Vampire growth]
   722 | D:1      | Reached XP level 3. HP: 24/24 MP: 2/6
   802 | D:1      | Found a faded altar of an unknown god.
   868 | D:1      | Prayed at the altar of an unknown god.
   868 | D:1      | Became a worshipper of Vehumet
   868 | D:1      | Reached * piety under Vehumet
   868 | D:1      | Offered knowledge of Foxfire by Vehumet.
  1458 | D:2      | You fall into a shaft and drop 2 floors!
  1701 | D:3      | Offered knowledge of Static Discharge by Vehumet.
  1702 | D:3      | Reached XP level 4. HP: 24/24 MP: 3/7
  1705 | D:3      | Reached ** piety under Vehumet
  1709 | D:3      | Learned a level 2 spell: Static Discharge
  1713 | D:3      | Learned a level 3 spell: Vampiric Draining
  1717 | D:3      | Reached skill level 5 in Necromancy
  1887 | D:3      | Found a runed translucent door.
  1888 | D:3      | Noticed Crazy Yiuf
  1896 | D:3      | Killed Crazy Yiuf
  2090 | D:3      | Reached XP level 5. HP: 31/31 MP: 1/9
  2290 | D:3      | Reached skill level 5 in Stealth
  2565 | D:4      | Noticed Sigmund
  2587 | D:4      | Killed Sigmund
  2588 | D:4      | Reached XP level 6. HP: 36/36 MP: 0/11
  2593 | D:4      | Found Giocei's Fire Supplies.
  2628 | D:4      | Reached skill level 6 in Necromancy
  2752 | D:4      | Found Beghecw's Distillery.
  3263 | D:4      | Reached XP level 7. HP: 36/36 MP: 5/13
  3542 | D:4      | Offered knowledge of Scorch by Vehumet.
  3546 | D:4      | Learned a level 2 spell: Scorch
  3550 | D:4      | Noticed an angel
  4281 | D:5      | Entered Level 5 of the Dungeon
  4507 | D:5      | Found the +10 zealot's sword {holy, Zealotry, *Rage rN+
                  | EV+3}
  4519 | D:5      | Found a broken altar of Ashenzari.
  4647 | D:5      | Reached *** piety under Vehumet
  4705 | D:5      | Found a glowing drain.
  4716 | D:5      | Reached skill level 7 in Necromancy
  4735 | Sewer    | Entered a sewer
  4765 | Sewer    | Offered knowledge of Stone Arrow by Vehumet.
  4777 | Sewer    | Learned a level 3 spell: Stone Arrow
  4985 | Sewer    | Reached **** piety under Vehumet
  5077 | Sewer    | Reached skill level 5 in Spellcasting
  5080 | Sewer    | Offered knowledge of Fulminant Prism by Vehumet.
  5086 | Sewer    | Learned a level 4 spell: Fulminant Prism
  5198 | Sewer    | Reached skill level 5 in Dodging
  5221 | Sewer    | Reached XP level 8. HP: 15/36 MP: 3/15
  5634 | D:5      | Found a sparkling altar of Nemelex Xobeh.
  6191 | D:6      | Reached skill level 1 in Polearms
  6335 | D:6      | Gained mutation: You have a pair of small antennae on your
                  | head. [potion of mutation]
  6335 | D:6      | Gained mutation: You have sharp toenails. [potion of
                  | mutation]
  6336 | D:6      | Lost mutation: You have sharp toenails. [potion of
                  | mutation]
  6336 | D:6      | Lost mutation: You have a pair of small antennae on your
                  | head. [potion of mutation]
  6336 | D:6      | Gained mutation: Your flesh is cold resistant. (rC+)
                  | [potion of mutation]
  6336 | D:6      | Gained mutation: You have a pair of small horns on your
                  | head. [potion of mutation]
  6569 | D:6      | Reached skill level 8 in Necromancy
  6703 | D:6      | Noticed Pikel
  6707 | D:6      | Reached ***** piety under Vehumet
  6707 | D:6      | Offered knowledge of Irradiate by Vehumet.
  6713 | D:6      | Killed Pikel
  6796 | D:6      | Found a sacrificial altar of Ru.
  6825 | D:6      | Found a staircase to the Ecumenical Temple.
  6838 | Temple   | Entered the Ecumenical Temple
  7106 | D:6      | Reached XP level 9. HP: 34/57 MP: 1/18
  7332 | D:6      | Noticed Eustachio
  7337 | D:6      | Killed Eustachio
  7376 | D:6      | Found a blossoming altar of Fedhas.
  7806 | D:7      | HP: 2/57 [/static electricity (2)]
  7806 | D:7      | Mangled by a gnoll bouda

Illustrated notes

Levels and vault maps discovered:
D:1:      matt_arrival_spirals, layout_basic,
          shapermc_ecumenical_altar_totnotflames, serial_corexii_hall,
          chequers_hall_statues_y, chequers_hall_statues_y
D:2:      layout_rooms
D:3:      layout_rooms, minmay_misc_feat_chi, nrook_campfire,
          grunt_decor_resistance, kennysheep_generic_room_9,
          uniq_crazy_yiuf_cottage
D:4:      layout_gridville, elyvilon_altar_5, zin_angel, serial_shops,
          nicolae_inconvenience_store, hex_large, nicolae_shop_fire_sale
          [nicolae_sub_dead_trees], uniq_sigmund
D:5:      layout_loops_ring, nicolae_ashenzari_panopticon,
          general_overflow_altar, portal_sewer_entry_c, hangedman_decor_push
D:6:      nicolae_cairo_tiling, layout_basic, mainiacjoe_overflow_24_doors,
          kennysheep_mini_moat, minmay_temple_entry_mist, kennysheep_cross_room,
          uniq_eustachio, uniq_pikel
D:7:      layout_basic
Temple:   nicolae_temple_colour_theory

Skill      XL: |  1  2  3  4  5  6  7  8  9 |
---------------+----------------------------+-----
Stealth        | 4 5 |  5.2
Dodging        | 3 4 5 6 |  6.0
Necromancy     | 5 6 7 8 |  8.7
Spellcasting   | 3 4 5 6 |  6.5
Polearms       | 3 |  3.3

Action                     |  1- 3 |  4- 6 |  7- 9 || total
---------------------------+-------+-------+-------++-------
  Melee: Dagger            |    28 |    16 |    50 ||    94
         Bite              |     4 |     1 |    11 ||    16
         Punch             |       |       |     3 ||     3
         Halberd           |       |       |    34 ||    34
         Headbutt          |       |       |     2 ||     2
   Cast: Necrotise         |    63 |    57 |    67 ||   187
         Vampiric Draining |       |    13 |    43 ||    56
         Scorch            |       |       |    23 ||    23
         Stone Arrow       |       |       |     8 ||     8
         Static Discharge  |       |       |     9 ||     9
         Fulminant Prism   |       |       |     7 ||     7
Ability: Exsanguinate      |     1 |     1 |     1 ||     3
         Revivify          |       |     1 |     2 ||     3
         Bat Form          |       |     1 |     1 ||     2
         End Transformatio |       |     1 |       ||     1
  Evoke: Wand              |       |       |     1 ||     1
    Use: Scroll            |     9 |     2 |    10 ||    21
         Potion            |     3 |     3 |    11 ||    17
   Stab: Sleeping          |     1 |       |       ||     1
         Distracted        |       |       |     1 ||     1
 Armour: Robe              |     7 |     8 |    21 ||    36
  Dodge: Dodged            |    28 |    31 |   147 ||   206

Table legend: (Time is in decaauts)
 A = Elapsed time spent in this place.
 B = Non-inter-level travel time spent in this place.
 C = Inter-level travel time spent in this place.
 D = Time resting spent in this place.
 E = Time spent auto-exploring this place.
 F = Levels seen in this place.
 G = Mean time per level.
                   A        B        C        D        E       F      G
               +--------+--------+--------+--------+--------+-----+--------+
         Total |   7849 |   7550 |    299 |   1171 |   4025 |   9 |  872.1 |
       Dungeon |   6923 |   6624 |    299 |    956 |   3791 |   7 |  989.0 |
        Temple |    215 |    215 |      0 |      0 |      0 |   1 |  215.0 |
         Sewer |    710 |    710 |      0 |    215 |    233 |   1 |  710.0 |
               +--------+--------+--------+--------+--------+-----+--------+

Top non-repeatable levels by time:
     D:4: 1642 daAuts
     D:6: 1388 daAuts
     D:5: 1115 daAuts
     D:1: 1085 daAuts
     D:3: 975 daAuts
   Sewer: 710 daAuts
     D:2: 564 daAuts
  Temple: 215 daAuts
     D:7: 151 daAuts
